 Dungeon Crawl Stone Soup version 0.26-a0-712-ga5a9c9c9d0 (webtiles) character file.

Game seed: 4664195141197398087

72 kae the Insei (level 4, 0/28 HPs)
             Began as an Octopode Transmuter on Nov 6, 2020.
             Succumbed to a goblin's poison
             ... on level 2 of the Dungeon.
             The game lasted 00:01:07 (1976 turns).

kae the Insei (Octopode Transmuter)                 Turns: 1976, Time: 00:01:08

Health: 0/28       AC:  1    Str: 10    XL:     4   Next: 25%
Magic:  5/7        EV: 13    Int: 15    God:
Gold:   55         SH:  0    Dex: 12    Spells: 3/7 levels left

rFire    . . .     SeeInvis .     - Unarmed
rCold    . . .     Faith    .   (no shield)
rNeg     . . .     Spirit   .   (helmet restricted)
rPois    .         Reflect  .   (no amulet)
rElec    .         Harm     .   (no ring)
rCorr    .         Rampage  .   (no ring)
MR       .....                  (no ring)
Stlth    ++........             (no ring)
HPRegen  0.09/turn              (no ring)
MPRegen  0.10/turn              (no ring)
                                (no ring)
                                (no ring)

@: lethally poisoned (0 -> -20)
A: almost no armour, stealthy swim, amphibious, 8 rings, constrict 8, camouflage
1, gelatinous body 1
a: no special abilities


You were on level 2 of the Dungeon.
You visited 1 branch of the dungeon, and saw 2 of its levels.

You collected 55 gold pieces.

Inventory:

Jewellery
 a - an uncursed ring of see invisible {unknown}
Scrolls
 b - 2 scrolls of identify
 c - a scroll of enchant armour


   Skills:
 + Level 1.5 Fighting
 + Level 2.4 Dodging
 * Level 3.8 Unarmed Combat
 + Level 2.3 Spellcasting
 * Level 2.7 Transmutations


You had 3 spell levels left.
You knew the following spells:

 Your Spells              Type           Power        Failure   Level
a - Beastly Appendage     Tmut           ##....       7%          1
b - Spider Form           Tmut/Pois      #.........   36%         3

Your spell library contained the following spells:

 Spells                   Type           Power        Failure   Level
 Wereblood                Tmut           ##......     11%         2
 Ice Form                 Ice/Tmut       #.......     77%         4
 Blade Hands              Tmut           ##........   88%         5


Dungeon Overview and Level Annotations

Branches:
Dungeon (2/15)

Altars:


Innate Abilities, Weirdness & Mutations

You cannot wear most types of armour.
You are very stealthy in the water. (Stealth+)
You are amphibious.
You can wear up to eight rings at the same time.
You can use your tentacles to constrict eight enemies at once.
Your skin changes colour to match your surroundings (Stealth+).
Your rubbery body absorbs attacks. (AC +1, EV +1)


Message History

The goblin completely misses you. The goblin hits you with a +0 spear.
* * * LOW HITPOINT WARNING * * *
* * * LOW HITPOINT WARNING * * *
You feel sick. The goblin hits you.
* * * LOW HITPOINT WARNING * * *
Things that are here:
a scroll labeled WUHOWYXIAM; a +0 club; a goblin corpse
Okay, then.
You aren't carrying any potions.
Okay, then.
As you read the scroll labeled TERERH VADULE, it crumbles to dust.
You feel aware of your surroundings.
It was a scroll of magic mapping.
Your transformation has ended.
* * * LOW HITPOINT WARNING * * *
You feel sick.
The goblin throws a poisoned dart.
The poisoned dart hits you!
You are more poisoned.
The goblin hits you.
* * * LOW HITPOINT WARNING * * *
The goblin hits you but does no damage.
You die...

####.###### #.##### *,*
####....#....# #.....###.********
........#....# #.....#...,,,,,,..
.............###.........,,,,,...
.............#.#.....#...,,,,....
.........................,,,.....
.....†...........#..#....,,......
....#...........ggg......,,......
....#...........@.).#....,,,.....
....#...........ggg.#,,,.**###...
....####.....#...#......,,,......
.......'....>....'.......,,......
...#...#.....#...#..#....,,......
.......#......(..#..#####,,......
.................#...,,*,,,......
.................#....,*,,,......
.........,,......#,,...,,,*##....


You could see 6 goblins.

Vanquished Creatures
  Robin (D:2)
  An adder (D:2)
  An ooze (D:2)
  A dart slug (D:2)
  A leopard gecko (D:1)
  A bat (D:2)
  12 giant cockroaches
  4 hobgoblins
  2 kobolds
  A quokka (D:2)
  A ball python (D:1)
  2 frilled lizards (D:2)
  8 goblins
  4 rats
40 creatures vanquished.

Notes
Turn   | Place    | Note
-------+----------+-------------------------------------------
     0 | D:1      | kae the Octopode Transmuter began the quest for the Orb.
     0 | D:1      | Reached XP level 1. HP: 13/13 MP: 3/3
   443 | D:1      | Reached XP level 2. HP: 16/18 MP: 3/5
   974 | D:2      | Reached XP level 3. HP: 12/23 MP: 6/6
  1307 | D:2      | Learned a level 3 spell: Spider Form
  1937 | D:2      | Reached XP level 4. HP: 28/28 MP: 5/7
  1959 | D:2      | Noticed Robin
  1973 | D:2      | Killed Robin
  1976 | D:2      | Succumbed to a goblin's poison

Illustrated notes

Levels and vault maps discovered:
D:1:      lightli_arrival_chessboard, layout_loops_ring
D:2:      minmay_roachtagon, layout_basic, uniq_natasha,
          uniq_crazy_yiuf_cottage, uniq_robin

Action                   |  1- 3 |  4- 6 || total
-------------------------+-------+-------++-------
Melee: Unarmed           |    87 |     8 ||    95
       Constrict         |    25 |       ||    25
       Tentacles         |    10 |       ||    10
       Kick              |    16 |       ||    16
       Punch             |     2 |       ||     2
 Cast: Beastly Appendage |    18 |       ||    18
       Spider Form       |       |     1 ||     1
  Use: Scroll            |     3 |     1 ||     4
 Stab: Sleeping          |     3 |       ||     3
Armor: Skin              |     6 |     1 ||     7
Dodge: Dodged            |    61 |    10 ||    71

Table legend: (Time is in decaauts)
 A = Elapsed time spent in this place.
 B = Non-inter-level travel time spent in this place.
 C = Inter-level travel time spent in this place.
 D = Time resting spent in this place.
 E = Time spent auto-exploring this place.
 F = Levels seen in this place.
 G = Mean time per level.
                   A        B        C        D        E       F      G
               +--------+--------+--------+--------+--------+-----+--------+
         Total |   1969 |   1956 |     13 |      0 |   1696 |   2 |  984.5 |
       Dungeon |   1969 |   1956 |     13 |      0 |   1696 |   2 |  984.5 |
               +--------+--------+--------+--------+--------+-----+--------+

Top non-repeatable levels by time:
     D:2: 1180 daAuts
     D:1: 789 daAuts
